 Dungeon Crawl Stone Soup version 0.18-a0-1179-g120c792 (webtiles) character file.

183106 Proton the Peltast (level 19, -3/154 HPs)
             Began as a Formicid Fighter on Jan 26, 2016.
             Was a Priest of Cheibriados.
             Drowned by a water elemental (11 damage)
             ... summoned by Ilsuiw
             ... on level 4 of the Shoals on Jan 27, 2016.
             The game lasted 01:27:43 (28951 turns).

Proton the Peltast (Formicid Fighter)              Turns: 28951, Time: 01:27:44

Health: -3/154     AC: 37    Str: 34    XL:     19   Next: 6%
Magic:  27/39      EV: 14    Int: 12    God:    Cheibriados [***...]
Gold:   2198       SH: 28    Dex: 17    Spells: 0 memorised, 18 levels left

rFire  + . .     SeeInvis +     W - +7 triple sword (elec)
rCold  + + +     Gourm    .     c - +2 crystal plate armour {rC+}
rNeg   + . .     Faith    .     D - +3 large shield "Viunu" {+Blink Regen+ rCorr Int-5}
rPois  .         Spirit   .     (helmet unavailable)
rElec  +         Dismiss  .     S - +2 cloak {rC+}
rCorr  +         Reflect  +     N - +0 pair of gloves of Quon Aru {*Confuse rC++ Regen+ Stlth-}
SustAt .         Harm     .     Y - +1 pair of boots
MR     ++++.     Clarity  +     p - +2 amulet of reflection
Stlth  ..........               h - ring of Ygras {rF+ rC+ rN+ MP+9 Str+2}
                                k - ring of Xeddohua {rElec rC+ MR+ Dex-4 Slay+2}

@: lethally poisoned (-3 -> -4), engulfed (cannot breathe), manticore barbs,
very slow, incredibly resistant to hostile enchantments, extremely unstealthy
A: permanent stasis, dig shafts and tunnels, four strong arms, antennae 3, claws
1, rough black scales 1, agile 2, blurry vision 1, clarity, cold resistance 1,
dopey 1, magic resistance 2, electricity resistance, slow regeneration 1, weak 1
a: Dig, Shaft Self, Bend Time, Temporal Distortion, Renounce Religion


You were on level 4 of the Shoals.
You worshipped Cheibriados.
Cheibriados was most pleased with you.
You were not hungry.

You visited 5 branches of the dungeon, and saw 31 of its levels.
You also visited: Labyrinth and Ice Cave.

You collected 3068 gold pieces.
You spent 870 gold pieces at shops.

Inventory:

Hand Weapons
 m - the +9 long sword of the Wraith {elec, rF+ rC- Int+2 Dex+2}
   (You took it off a deep elf mage on level 15 of the Dungeon)

   Occasionally, upon striking a foe, it will discharge some electrical energy
   and cause terrible harm.
   It affects your intelligence (+2).
   It affects your dexterity (+2).
   It protects you from fire.
   It makes you vulnerable to cold.
 y - a +3 scimitar of flaming
 L - the +8 trident of Conformity {flame, *Contam rPois rF++ Dex+4}
   (You found it on level 10 of the Dungeon)

   It has been specially enchanted to burn those struck by it, causing extra
   injury to most foes and up to half again as much damage against particularly
   susceptible opponents.
   It affects your dexterity (+4).
   It greatly protects you from fire.
   It protects you from poison.
   It causes magical contamination when unequipped.
 W - a +7 triple sword of electrocution (weapon)
Armour
 c - a +2 crystal plate armour of cold resistance (worn)
 D - the +3 large shield "Viunu" (worn) {+Blink Regen+ rCorr Int-5}
   (You bought it in a shop on level 5 of the Dungeon)

   It affects your intelligence (-5).
   It lets you blink.
   It increases your rate of regeneration.
   It protects you from acid and corrosion.
 N - the +0 pair of gloves of Quon Aru (worn) {*Confuse rC++ Regen+ Stlth-}
   (You found it on level 6 of the Lair of Beasts)

   It greatly protects you from cold.
   It increases your rate of regeneration.
   It may confuse you when you take damage.
   It makes you less stealthy.
 S - a +2 cloak of cold resistance (worn)
 Y - a +1 pair of boots (worn)
Jewellery
 h - the ring of Ygras (right hand) {rF+ rC+ rN+ MP+9 Str+2}
   (You found it on level 9 of the Dungeon)

   [ring of magical power]

   It affects your strength (+2).
   It protects you from fire.
   It protects you from cold.
   It protects you from negative energy.
   It affects your magic capacity (+9).
 k - the ring of Xeddohua (left hand) {rElec rC+ MR+ Dex-4 Slay+2}
   (You bought it in a shop on level 2 of the Orcish Mines)

   [ring of slaying]

   It affects your dexterity (-4).
   It affects your accuracy and damage with ranged weapons and melee attacks
   (+2).
   It protects you from cold.
   It insulates you from electricity.
   It affects your resistance to hostile enchantments.
 p - a +2 amulet of reflection (around neck)
 Q - an uncursed amulet of regeneration
Wands
 A - a wand of disintegration (18/24)
 K - a wand of heal wounds (4/9)
Scrolls
 a - a scroll of summoning
 g - 8 scrolls of remove curse
 l - 4 scrolls of recharging
 r - 2 scrolls of fog
 t - 7 scrolls of enchant armour
 v - 3 scrolls of immolation
 x - 5 scrolls of magic mapping
 C - 3 scrolls of vulnerability
 E - 4 scrolls of noise
 I - 8 scrolls of fear
 M - a scroll of amnesia
 O - a scroll of holy word
Potions
 b - 6 potions of agility
 d - 6 potions of might
 e - 12 potions of curing
 i - 2 potions of magic
 j - 3 potions of ambrosia
 n - 5 potions of resistance
 q - 2 potions of brilliance
 s - 5 potions of cancellation
 B - a potion of cure mutation
 G - 3 potions of lignification
 H - a potion of heal wounds
 J - a potion of invisibility
 R - a potion of flight
Books
 u - a book of Air

   Spells                             Type                      Level
   a - Shock                          Conjuration/Air              1
   b - Swiftness                      Charms/Air                   2
   c - Repel Missiles                 Charms/Air                   2
   d - Static Discharge               Conjuration/Air              3
   e - Lightning Bolt                 Conjuration/Air              5
Comestibles
 f - 14 bread rations
 o - 13 meat rations
 z - 12 royal jellies
 F - 32 fruits


   Skills:
 + Level 14.9 Fighting
 + Level 13.5 Long Blades
 + Level 14.9 Armour
 + Level 12.5 Dodging
 + Level 16.0 Shields
 - Level 14.8 Invocations


You had 18 spell levels left.
You didn't know any spells.

Dungeon Overview and Level Annotations

Branches:
Dungeon (15/15)            Temple (0/1) D:5            Lair (8/8) D:10
 Shoals (4/4) Lair:4        Snake (2/4) Lair:6        Slime (0/6) Lair:8
    Orc (2/2) D:10            Elf (0/3) Orc:2        Vaults (0/5) D:14
 Depths (0/5) D:15

Altars:
Ashenzari
Cheibriados
Dithmenos
Fedhas
Kikubaaqudgha
Okawaru
Pakellas
Ru
Sif Muna
The Shining One
Jiyva

Shops:
D:5 [   Orc:2 *[=(   Snake:1 (

Annotations:
Shoals:4 Ilsuiw


Innate Abilities, Weirdness & Mutations

You are under a permanent stasis effect.
You can dig through walls and to a lower floor.
Your four strong arms can wield two-handed weapons with a shield.
You have a pair of large antennae on your head (SInv).
You have sharp fingernails.
You are partially covered in rough black scales (AC +4, Dex -1).
You are very agile. (Dex +4)
Scrolls take you a little longer to read.
You possess an exceptional clarity of mind.
Your flesh is cold resistant.
You are dopey. (Int -2)
You are highly resistant to hostile enchantments.
You are resistant to electric shocks.
You regenerate slowly when monsters are visible.
You are weak. (Str -2)


Message History

Your lungs strain for air!
You feel sick. The water elemental hits you.
You block the merfolk impaler's attack. You block the water elemental's attack.
The merfolk hits you from afar with a trident.
* * * LOW HITPOINT WARNING * * *
The water elemental hits you. The merfolk impaler barely misses you.
You block the water elemental's attack.
You miss the merfolk impaler.
The merfolk impaler is severely wounded.
* * * LOW HITPOINT WARNING * * *
Your lungs strain for air!
You feel sick.
Ilsuiw disappears!
You block the water elemental's attack.
The merfolk impaler hits you but does no damage.
You block the merfolk's attack. The water elemental barely misses you.
The water elemental closely misses you. You block the merfolk impaler's attack.
You slice the merfolk impaler like a ripe choko!!!
You kill the merfolk impaler!
Cheibriados appreciates the change of pace.
Your Shields skill increases to level 16!
You die...

##≈≈#..###.≈≈≈≈≈≈≈≈≈≈≈≈
{
#######≈....≈≈≈≈≈≈≈≈≈≈
≈#≈#≈#≈#≈.....≈≈≈≈≈≈≈≈≈
≈≈≈≈≈≈≈≈≈......≈≈≈≈≈≈≈≈
≈≈≈≈≈≈≈≈≈......≈≈≈≈≈≈≈≈
≈≈≈≈≈≈≈≈≈......≈≈≈≈≈≈≈≈
.....≈≈)≈......≈≈≈≈≈≈≈≈
......))E≈..(..<≈≈≈≈≈≈≈
......E@E)≈§....≈≈≈≈≈≈≈
.#...))).m≈≈..≈≈≈≈≈≈≈≈≈
#.#.......≈≈.≈≈≈≈≈≈≈≈≈≈
#.........##.≈≈≈≈≈≈≈≈≈
..$#...m...#.≈≈≈≈≈≈≈≈≈≈
≈. #.........≈≈≈≈≈≈≈≈≈≈
# #.....[≈≈≈≈≈≈≈≈≈≈≈≈≈
#....(≈≈≈≈≈≈≈≈≈≈≈
#.....≈≈≈≈≈≈≈≈≈≈≈≈


You could see 2 merfolk and 3 water elementals.

Vanquished Creatures
  Nikola (Shoals:1)
  Rupert (Lair:3)
  A kraken (Shoals:2)
  Kirke (Lair:7)
  Maud (Lair:3)
  Donald (Shoals:1)
  Louise (Shoals:2)
  An orc warlord (Orc:1)
  Aizul (Shoals:1)
  Azrael (Orc:2)
  A minotaur (Lab)
  A merfolk javelineer (Shoals:3)
  4 merfolk impalers
  2 naga warriors
  2 catoblepae
  2 ogre magi
  2 anacondas (Snake:1)
  10 hydras
  4 merfolk avatars
  8 merfolk aquamancers
  The ghost of twist the Martial Artist, a journeyman OpTm of Cheibriados (Lair:3)
  16 death yaks
  A tengu warrior (D:15)
  A shock serpent (shapeshifter) (D:15)
  A deep elf knight (D:10)
  4 naga sharpshooters
  3 orc high priests (Orc:2)
  2 shock serpents
  3 skeletal warriors (D:12)
  5 sea snakes
  An unseen horror (D:12)
  The ghost of Herrn the Conjurer, a novice NaCj (D:6)
  6 hill giants
  12 griffons
  4 harpies (Shoals:3)
  6 orc knights
  2 mana vipers (Snake:1)
  5 cyclopes
  2 orc sorcerers
  6 deep elf magi (D:15)
  14 manticores
  2 salamanders (Snake:1)
  3 fauns
  9 ugly things
  16 elephants
  A guardian serpent (Snake:2)
  4 water nymphs
  Joseph (D:9)
  5 naga magi
  9 sirens
  2 ice statues (IceCv)
  2 torpor snails
  21 black mambas
  12 spiny frogs
  3 gargoyles
  3 kobold demonologists
  4 komodo dragons
  An efreet (D:15)
  4 fire drakes
  5 ice devils (IceCv)
  22 merfolk
  A tengu conjurer (D:13)
  4 wind drakes
  8 trolls
  9 polar bears
  5 two-headed ogres
  A jumping spider (shapeshifter) (D:14)
  20 blink frogs
  A harpy skeleton (D:15)
  A raiju (Lair:8)
  Sigmund (D:3)
  6 snapping turtles
  A wyvern (Lair:6)
  2 shadows (D:14)
  6 wraiths
  A vampire (D:9)
  4 water elementals
  7 hogs (Lair:7)
  96 yaks
  Eustachio (D:10)
  6 basilisks
  5 fire elementals (Orc:2)
  5 vampire mosquitoes
  16 hippogriffs
  14 nagas
  A hungry ghost (D:15)
  24 wolves
  Menkaure (D:6)
  13 insubstantial wisps (D:12)
  2 mottled dragons
  13 wargs
  17 water moccasins
  6 hell hounds
  21 porcupines
  28 orc warriors
  3 sky beasts
  2 ice beasts
  A wasp (D:14)
  14 black bears
  21 ogres
  2 phantoms
  3 necrophages
  2 eyes of draining
  5 centaurs
  15 crocodiles
  6 big kobolds
  Blork the orc (D:10)
  21 giant frogs
  A gnoll sergeant (D:7)
  A wyvern skeleton (D:13)
  4 scorpions
  22 killer bees
  5 wights (D:7)
  An electric eel (Lair:8)
  10 crimson imps
  A centaur zombie (D:8)
  A quasit (D:8)
  A giant frog zombie (D:12)
  6 centaur skeletons
  3 jellies
  19 orc priests
  21 hounds
  19 orc wizards
  2 giant frog skeletons
  12 iguanas
  Natasha (thrice) (D:3)
  9 worker ants
  18 sheep
  A hound zombie (D:11)
  3 hound skeletons
  A worker ant zombie (D:5)
  11 gnolls
  15 adders
  106 river rats
  5 shadow imps
  19 white imps
  9 ufetubi (IceCv)
  5 oozes
  2 adder skeletons
  6 worms
  9 giant geckos
  95 orcs
  3 ball pythons
  A bat zombie (D:1)
  11 giant cockroaches
  11 goblins
  7 hobgoblins
  18 jackals
  32 kobolds
  7 quokkas
  7 bats
  A giant gecko skeleton (D:4)
  3 giant newts
  A jackal skeleton (D:5)
  A quokka zombie (D:1)
  7 rats
  A fungus (Lair:5)
  2 plants (Lair:8)
  2 tentacles (Shoals:2)
  A tentacle segment (Shoals:2)
1276 creatures vanquished.

Vanquished Creatures (others)
  A merfolk javelineer (Shoals:1)
  Josephine (D:13)
  A satyr (Shoals:3)
  5 fauns
  2 manticores
  A merfolk (Shoals:2)
  2 centaurs
  A lightning spire (D:2)
  An ufetubus (IceCv)
  5 ball lightnings (D:12)
  2 bushes
  8 fungi
  22 plants
  21 tentacles (Shoals:2)
  782 tentacle segments (Shoals:2)
855 creatures vanquished.

Grand Total: 2131 creatures vanquished

Notes
Turn   | Place    | Note
--------------------------------------------------------------
     0 | D:1      | Proton the Formicid Fighter began the quest for the Orb.
     0 | D:1      | Reached XP level 1. HP: 18/18 MP: 1/1
   121 | D:1      | Reached XP level 2. HP: 21/24 MP: 2/2
   750 | D:1      | Reached skill level 1 in Dodging
   750 | D:1      | Reached XP level 3. HP: 20/30 MP: 3/3
  1078 | D:2      | Reached XP level 4. HP: 37/37 MP: 4/4
  1116 | D:2      | Reached skill level 4 in Fighting
  1380 | D:2      | Found an ancient bone altar of Kikubaaqudgha.
  1656 | D:2      | Reached XP level 5. HP: 42/42 MP: 5/5
  1726 | D:2      | Found an oddly glowing altar of Pakellas.
  1735 | D:2      | Noticed a gargoyle
  1833 | D:3      | Found a snail-covered altar of Cheibriados.
  1871 | D:3      | Became a worshipper of Cheibriados the Contemplative
  2126 | D:3      | Noticed Natasha
  2140 | D:3      | Killed Natasha
  2179 | D:3      | Noticed Sigmund
  2195 | D:3      | Killed Sigmund
  2195 | D:3      | Reached skill level 1 in Invocations
  2195 | D:3      | Reached XP level 6. HP: 39/49 MP: 5/7
  2225 | D:3      | Reached * piety under Cheibriados
  2239 | D:3      | Noticed Natasha
  2249 | D:3      | Killed Natasha
  2249 | D:3      | Reached XP level 7. HP: 43/55 MP: 8/8
  2536 | D:3      | Noticed Natasha
  2545 | D:3      | Killed Natasha
  2770 | D:4      | Reached skill level 5 in Shields
  2786 | D:4      | Reached skill level 5 in Fighting
  2900 | D:4      | Reached skill level 5 in Armour
  2968 | D:4      | Reached XP level 8. HP: 48/62 MP: 10/10
  3085 | D:4      | Reached ** piety under Cheibriados
  3505 | D:5      | Entered Level 5 of the Dungeon
  3748 | D:5      | Found Giczubips's Armour Boutique.
  3905 | D:5      | Found a staircase to the Ecumenical Temple.
  4232 | D:6      | Noticed Herrn's ghost (novice NaCj)
  4252 | D:5      | Reached *** piety under Cheibriados
  4959 | D:5      | You fall through a shaft for 3 floors!
  5198 | D:8      | Reached skill level 6 in Fighting
  5215 | D:8      | You fall through a shaft!
  5468 | D:9      | Noticed a cyclops
  5588 | D:8      | Reached XP level 9. HP: 69/69 MP: 11/11
  5635 | D:8      | Reached skill level 5 in Long Blades
  5694 | D:8      | Reached **** piety under Cheibriados
  5874 | D:7      | Found an iron altar of Okawaru.
  7010 | D:7      | Reached skill level 5 in Invocations
  7142 | D:7      | Reached skill level 7 in Shields
  7334 | D:6      | Killed Herrn's ghost
  7334 | D:6      | Reached XP level 10. HP: 28/79 MP: 10/14
  7607 | D:6      | Reached ***** piety under Cheibriados
  7619 | D:6      | Found a shadowy altar of Dithmenos.
  7800 | D:5      | Bought the +3 large shield "Viunu" {+Blink Regen+ rCorr Int-5} for 400 gold pieces
  7872 | D:6      | Noticed Menkaure
  7876 | D:6      | Killed Menkaure
  7876 | D:6      | Reached skill level 5 in Dodging
  7923 | D:6      | Found a shattered altar of Ashenzari.
  8433 | D:8      | Found a deep blue altar of Sif Muna.
  8748 | D:9      | Killed a cyclops
  8760 | D:9      | Gained mutation: Your magical capacity is low (-10% MP). [potion of mutation]
  8760 | D:9      | Gained mutation: You are clumsy. (Dex -2) [potion of mutation]
  8760 | D:9      | Gained mutation: You have sharp fingernails. [potion of mutation]
  8761 | D:9      | Gained mutation: You are partially covered in rough black scales (AC +4, Dex -1). [potion of mutation]
  8761 | D:9      | Gained mutation: Your system is resistant to poisons. [potion of mutation]
  8820 | D:9      | Reached skill level 8 in Shields
  8870 | D:9      | Found a sacrificial altar of Ru.
  8870 | D:9      | Found a glowing golden altar of the Shining One.
  8919 | D:9      | Got a crude steel ring
  8981 | D:9      | Found a deep blue altar of Sif Muna.
  9179 | D:9      | Identified the ring of Ygras {rF+ rC+ rN+ MP+9 Str+2} (You found it on level 9 of the Dungeon)
  9206 | D:10     | Entered Level 10 of the Dungeon
  9256 | D:10     | Reached XP level 11. HP: 86/86 MP: 14/14
  9431 | D:10     | Found a staircase to the Lair.
  9446 | D:10     | Noticed Eustachio
  9447 | D:10     | Noticed Joseph
  9452 | D:10     | Noticed a deep elf knight
  9457 | Lair:1   | Entered Level 1 of the Lair of Beasts
  9466 | Lair:1   | Found a labyrinth entrance.
  9484 | Lab      | Entered a labyrinth
  9650 | Lab      | Noticed a minotaur
  9665 | Lab      | Killed a minotaur
  9665 | Lab      | Reached skill level 9 in Shields
  9775 | Lair:1   | Noticed a six-headed hydra
  9796 | D:10     | You fall through a shaft for 3 floors!
  9796 | D:13     | Noticed a manticore
  9808 | D:13     | Killed a manticore
 10100 | D:10     | Got a translucent trident
 10101 | D:10     | Identified the +8 trident of Conformity {flame, *Contam rPois rF++ Dex+4} (You found it on level 10 of the Dungeon)
 10117 | D:10     | Noticed Blork the orc
 10124 | D:10     | Killed Blork the orc
 10127 | D:10     | Noticed an orc knight
 10128 | D:10     | Noticed an orc knight
 10142 | D:9      | Killed an orc knight
 10303 | D:9      | Killed Joseph
 10303 | D:9      | Reached XP level 12. HP: 93/95 MP: 16/16
 10357 | D:10     | Killed Eustachio
 10374 | D:10     | Killed a six-headed hydra
 10394 | D:10     | Killed a deep elf knight
 10891 | D:10     | Found a staircase to the Orcish Mines.
 10993 | D:11     | Reached skill level 10 in Shields
 11374 | D:11     | Reached ****** piety under Cheibriados
 11504 | D:11     | Noticed a seven-headed hydra
 11515 | D:11     | Killed a seven-headed hydra
 11515 | D:11     | Reached skill level 10 in Fighting
 11537 | D:11     | Noticed a sun demon
 11550 | D:11     | Gained mutation: You are frail (-10% HP). [mutagenic glow]
 11782 | D:10     | Reached skill level 10 in Invocations
 11782 | D:10     | Reached XP level 13. HP: 92/92 MP: 18/18
 12125 | Lair:1   | Reached skill level 10 in Armour
 13081 | Lair:2   | Noticed a six-headed hydra
 13088 | Lair:2   | Killed a six-headed hydra
 13177 | Lair:2   | Noticed a six-headed hydra
 13185 | Lair:2   | Killed a six-headed hydra
 13185 | Lair:2   | Reached skill level 11 in Shields
 13198 | Lair:2   | Gained mutation: You regenerate slowly when monsters are visible. [mutagenic glow]
 13220 | Lair:2   | Gained mutation: You are weak. (Str -2) [mutagenic glow]
 13711 | Lair:3   | Noticed a five-headed hydra
 13718 | Lair:3   | Killed a five-headed hydra
 14129 | Lair:3   | Noticed Rupert
 14135 | Lair:3   | Noticed Maud
 14137 | Lair:3   | Killed Rupert
 14152 | Lair:3   | Killed Maud
 14152 | Lair:3   | Reached skill level 10 in Long Blades
 14152 | Lair:3   | Reached XP level 14. HP: 85/101 MP: 20/20
 14369 | Lair:3   | Noticed twist's ghost (journeyman OpTm)
 14431 | Lair:3   | Killed twist's ghost
 14710 | Lair:4   | Found a staircase to the Shoals.
 14964 | Lair:4   | Gained mutation: You are very weak. (Str -4) [mutagenic glow]
 15264 | Lair:4   | Gained mutation: Your magical capacity is very low (-20% MP). [mutagenic glow]
 15509 | Lair:5   | Found a frozen archway.
 15522 | Lair:5   | Reached skill level 12 in Shields
 15557 | IceCv    | Entered an ice cave
 16552 | Shoals:1 | Entered Level 1 of the Shoals
 16552 | Shoals:1 | Noticed Aizul
 16689 | Lair:5   | Reached XP level 15. HP: 108/108 MP: 19/19
 16934 | Lair:5   | Got a fine ring mail
 16946 | Lair:5   | Identified the +1 ring mail of the Fiend {rElec} (You found it on level 5 of the Lair of Beasts)
 17261 | Lair:6   | Lost mutation: You are clumsy. (Dex -2) [potion of mutation]
 17466 | Lair:6   | Found a staircase to the Snake Pit.
 17551 | Lair:6   | Got a pair of polished gloves
 17562 | Lair:6   | Identified the +0 pair of gloves of Quon Aru {*Confuse rC++ Regen+ Stlth-} (You found it on level 6 of the Lair of Beasts)
 18032 | Lair:6   | Reached skill level 10 in Dodging
 18045 | Lair:7   | Noticed Kirke
 18059 | Lair:7   | Reached skill level 13 in Shields
 18093 | Lair:7   | Killed Kirke
 18165 | Lair:7   | Gained mutation: You occasionally shout uncontrollably at your foes. [mutagenic glow]
 18749 | Lair:7   | Reached XP level 16. HP: 111/116 MP: 20/20
 19282 | Lair:8   | Entered Level 8 of the Lair of Beasts
 19471 | Lair:8   | Found a runed door.
 19471 | Lair:8   | Found a viscous altar of Jiyva.
 19471 | Lair:8   | Found a staircase to the Slime Pits.
 20689 | Orc:1    | Entered Level 1 of the Orcish Mines
 20709 | Orc:1    | Upgraded the game from 0.18-a0-1166-g6e2d2a0 to 0.18-a0-1179-g120c792
 20844 | Orc:2    | Entered Level 2 of the Orcish Mines
 20844 | Orc:2    | Found Ciutom's General Store.
 20926 | Orc:2    | Found Kooblec's Antique Armour Shoppe.
 20935 | Orc:2    | Reached skill level 14 in Shields
 21527 | Orc:2    | Found Tubagh's Jewellery Emporium.
 21577 | Orc:2    | Found Coilim's Antique Weapon Shop.
 21659 | Orc:2    | Found a staircase to the Elven Halls.
 21810 | Orc:2    | Noticed Azrael
 21816 | Orc:2    | Killed Azrael
 21907 | Orc:2    | Bought the ring of Xeddohua {rElec rC+ MR+ Dex-4 Slay+2} for 470 gold pieces
 22332 | D:12     | Found an ancient bone altar of Kikubaaqudgha.
 22669 | D:12     | Reached XP level 17. HP: 123/123 MP: 21/21
 22811 | D:13     | Gained mutation: You have sharp toenails. [mutagenic meat]
 22813 | D:13     | Gained mutation: You are dopey. (Int -2) [mutagenic meat]
 22864 | D:13     | Noticed Josephine
 22871 | D:13     | Killed Josephine
 23008 | D:13     | Gained mutation: You are agile. (Dex +2) [mutagenic meat]
 23335 | D:14     | Found a blossoming altar of Fedhas.
 23535 | D:14     | Found a gate to the Vaults.
 23834 | D:14     | Found a glowing golden altar of the Shining One.
 24006 | D:15     | Entered Level 15 of the Dungeon
 24062 | D:15     | Gained mutation: You are resistant to hostile enchantments. [mutagenic meat]
 24065 | D:15     | Lost mutation: You have sharp toenails. [mutagenic meat]
 24068 | D:15     | Gained mutation: You are highly resistant to hostile enchantments. [mutagenic meat]
 24070 | D:15     | Lost mutation: You are very weak. (Str -4) [mutagenic meat]
 24071 | D:15     | Gained mutation: You are resistant to electric shocks. [mutagenic meat]
 24073 | D:15     | Lost mutation: You occasionally shout uncontrollably at your foes. [potion of cure mutation]
 24073 | D:15     | Lost mutation: You are frail (-10% HP). [potion of cure mutation]
 24073 | D:15     | Lost mutation: Your magical capacity is very low (-20% MP). [potion of cure mutation]
 24073 | D:15     | Lost mutation: You are highly resistant to hostile enchantments. [potion of cure mutation]
 24288 | D:15     | Got a bloodstained long sword {elec}
 24303 | D:15     | Identified the +9 long sword of the Wraith {elec, rF+ rC- Int+2 Dex+2} (You took it off a deep elf mage on level 15 of the Dungeon)
 24716 | D:15     | Found a staircase to the Depths.
 25118 | Snake:1  | Entered Level 1 of the Snake Pit
 25373 | Snake:1  | Reached skill level 15 in Shields
 25462 | Snake:1  | Found Xexkev's Antique Weapon Shoppe.
 25745 | Snake:2  | Reached XP level 18. HP: 113/146 MP: 26/26
 25746 | Snake:2  | Gained mutation: You are highly resistant to hostile enchantments. [mutagenic meat]
 25748 | Snake:2  | Lost mutation: Your magical capacity is low (-10% MP). [mutagenic meat]
 25749 | Snake:2  | Lost mutation: Your system is resistant to poisons. [mutagenic meat]
 25750 | Snake:2  | Gained mutation: Scrolls take you a little longer to read. [mutagenic meat]
 25751 | Snake:2  | Gained mutation: You are very agile. (Dex +4) [mutagenic meat]
 25859 | Shoals:1 | Killed Aizul
 25862 | Lair:4   | HP: 5/146 [poisoned by Aizul (bolt of poison)]
 25991 | Shoals:1 | Gained mutation: You possess an exceptional clarity of mind. [mutagenic meat]
 25994 | Shoals:1 | Gained mutation: Your flesh is cold resistant. [mutagenic meat]
 26265 | Shoals:2 | Noticed Nikola
 26296 | Shoals:1 | Killed Nikola
 26298 | Shoals:1 | Noticed Donald
 26308 | Shoals:1 | Killed Donald
 27277 | Shoals:2 | Noticed a kraken
 27309 | Shoals:2 | Killed a kraken
 27845 | Shoals:2 | Noticed Louise
 27861 | Shoals:2 | Killed Louise
 28803 | Shoals:4 | Entered Level 4 of the Shoals
 28926 | Shoals:4 | Noticed Ilsuiw
 28933 | Shoals:4 | Reached XP level 19. HP: 85/154 MP: 26/30
 28951 | Shoals:4 | Reached skill level 16 in Shields
 28951 | Shoals:4 | Drowned by a water elemental

Vault maps used:
D:1:      saegor_arrival_fortress
D:2:      kiku_gazebo_garden_becter, serial_forest,
          infiniplex_forest_straight_2, infiniplex_forest_lined_1,
          infiniplex_forest_lined_3, infiniplex_forest_lined_1,
          infiniplex_forest_straight_3, infiniplex_forest_straight_2,
          infiniplex_forest_end_2, infiniplex_forest_clump_curved,
          gammafunk_pakellas_spire_experiment
D:3:      old_standard_altar, uniq_sigmund, uniq_natasha
D:4:      enter_ossuary_5
D:5:      minmay_temple_entry_from_below_a, first_bread, serial_shops,
          nicolae_shop_stone, grunt_ministairs_12
D:6:      kennysheep_little_box, grunt_dithmenos_smoke_and_mirrors,
          hangedman_abyss_or_decor_passed, minmay_misc_feat_doors,
          kennysheep_generic_room_11, uniq_menkaure
D:7:      okawaru_trees_1, serial_co_window_serial, co_window_paths_a,
          co_window_of_opportunity_a, co_window_paths_a, co_window_corner_a,
          co_window_corner_a, co_window_broadway_c, co_window_corner_b,
          co_window_corner_cb, co_window_broadway_c, co_window_corner_cb,
          co_window_paths_e, glass_columns_b, grunt_ogre_cave
D:8:      led_sif_pool
D:9:      gammafunk_temple_overflow_elements, basic_altar
D:10:     minmay_lair_entry_grove, david_orc_4, sword_in_stone
D:12:     basic_altar, aerie_lemuel
D:13:     uniq_josephine
D:14:     david_vaults_2, nicolae_tso_swordbearing_angel, fedhas_altar_3
D:15:     grunt_enter_depths_magical_seal, minmay_fountain_box
Lair:1:   lab_entry_generic, lemuel_fruit_fields
Lair:2:   beast_lair_carwin_3, serial_bayou_shore_b
Lair:3:   serial_bayou_shore_a, uniq_maud, uniq_rupert
Lair:4:   boulder_quad_collide, minmay_shoals_entry_beasts,
          serial_bayou_shore_b, lemuel_fruit_tree
Lair:5:   portal_ice_cave_entry_imps, grunt_megastairs_2
Lair:6:   minmay_snake_entry_six_corridors, st_stairs_12, beast_lair_carwin_10
Lair:7:   infiniplex_staircase_pool_2, uniq_kirke
Lair:8:   hangedman_lair_caniforms_friends, slime_altar_2, fungi_pond_lemuel
Shoals:1: uniq_donald, uniq_aizul
Shoals:2: nicolae_shoals_aquamancer_cove, uniq_louise, uniq_nikola
Shoals:4: shoals_end_grunt_ice, shoals_ilsuiw_alternative,
          nicolae_shoals_undead_eyrie
Snake:1:  serial_shops, nicolae_shop_waterfront, serial_bayou_pond_e
Snake:2:  basic_altar, grunt_megastairs_4, uniq_jorgrun
Orc:1:    mines_bat_river
Orc:2:    grunt_orc_gardens, grunt_orc_garden, grunt_orc_garden,
          grunt_orc_garden, grunt_orc_garden, uniq_azrael
Lab:      labyrinth_hidden_loot
IceCv:    ice_cave_small_demon

Action                   |  1- 3 |  4- 6 |  7- 9 | 10-12 | 13-15 | 16-18 | 19-21 || total
-------------------------+-------+-------+-------+-------+-------+-------+-------++-------
Melee: Long sword        |    71 |   176 |   547 |       |       |       |       ||   794
       Great sword       |       |       |    29 |   721 |   792 |       |       ||  1542
       Unarmed           |       |       |     6 |       |    18 |       |       ||    24
       Trident           |       |       |       |    14 |    58 |       |       ||    72
       Triple sword      |       |       |       |       |   346 |  1441 |    15 ||  1802
       Scimitar          |       |       |       |       |       |     6 |       ||     6
Invok: Bend Time         |       |       |     3 |    13 |     6 |     5 |       ||    27
       Slouch            |       |       |       |     6 |     9 |    14 |     1 ||    30
       Temporal Distorti |       |       |       |       |       |     4 |       ||     4
 Abil: Dig               |       |       |     6 |     2 |     1 |     2 |       ||    11
       Shaft Self        |       |       |     2 |     1 |       |       |       ||     3
Evoke: Wand              |       |       |       |       |     1 |     1 |       ||     2
  Use: Scroll            |       |     1 |       |     6 |    10 |    21 |       ||    38
       Potion            |       |       |     1 |     2 |     3 |     2 |     1 ||     9
 Stab: Distracted        |       |       |       |       |     1 |       |       ||     1
       Held in net/web   |       |       |       |       |       |     1 |       ||     1
  Eat: Chunk             |       |     5 |     5 |    11 |     7 |    35 |       ||    63
       Meat ration       |       |       |     1 |       |       |       |       ||     1
       Pizza             |       |       |       |       |     2 |     4 |       ||     6
       Bread ration      |       |       |       |       |     2 |     2 |       ||     4
       Beef jerky        |       |       |       |       |       |     7 |       ||     7
